[Event "Early-Titled-Tuesday-Blitz-May-28-2024"]
[Site "Chess.com"]
[Date "2024.05.28"]
[Round "7"]
[White "NovakRatko"]
[Black "VacheH009"]
[Result "0-1"]
[WhiteElo "2376"]
[BlackElo "2546"]
[TimeControl "180+1"]
[EndTime "9:18:17 PDT"]
[Termination "VacheH009 won by resignation"]

1. d4 Nf6 2. c4 g6 3. Nc3 Bg7 4. e4 d6 5. f3 O-O 6. Be3 e5 7. Nge2 exd4 8. Nxd4 Nc6 9. Nxc6 bxc6 10. Qd2 Nd7 11.
Be2 Ne5 12. O-O f5 13. c5 Qe7 14. Rad1 dxc5 15. Na4 Nd7 16. Bc4+ Kh8 17. Qa5 fxe4 18. Rxd7 Qxd7 19. Qxc5 exf3 20. gxf3 Qf5 21. Qxc6 Bd7 22. Qa6 Rae8 23. Bxa7 Ra8 24. Kh1 Qc2 25. b3 Qxa2 26. Qb7 Bxa4 27. Bc5 Bd7 28. Bxf8 Rxf8 29. Qxc7 Bh3 30.
Rg1 Qf2 31. Bd5 Bd4 32. Qc1 Qxg1+ 33. Qxg1 Bxg1 34. Kxg1 Bf5 35. Kf2 Kg7 36. Ke3 Kf6 37. Kd4 Be6 0-1

[Event "Early-Titled-Tuesday-Blitz-May-28-2024"]
[Site "Chess.com"]
[Date "2024.05.28"]
[Round "7"]
[White "Dubs123"]
[Black "VirtualCoach"]
[Result "1-0"]
[WhiteElo "2443"]
[BlackElo "2184"]
[TimeControl "180+1"]
[EndTime "9:18:17 PDT"]
[Termination "Dubs123 won by resignation"]

1. e4 c5 2. c3 Nf6 3. Nf3 Nxe4 4. Bd3 Nf6 5. O-O e6 6. Re1 Be7 7. Bc2 Nc6 8. d4 cxd4 9. Nxd4 O-O 10. Be3 d5 11.
Nd2 e5 12. Nf5 Re8 13. Nxe7+ Qxe7 14. Nf3 Qe6 15. Bg5 e4 16. Nd4 Nxd4 17. Qxd4 Qe5 18. Qd2 Ng4 19. Bf4 Qh5 20. f3 Nf6 21. fxe4 dxe4 22.
Bxe4 Qc5+ 23. Be3 Qh5 24. Bc2 Be6 25. Bd4 Rad8 26. Qf2 Ng4 27. Qg3 f6 28. h3 Nh6 29.
Bxf6 Rd7 30. Bd4 Nf5 31. Bxf5 Qxf5 32. Rf1 Qc5 33. Bxc5 1-0

[Event "Early-Titled-Tuesday-Blitz-May-28-2024"]
[Site "Chess.com"]
[Date "2024.05.28"]
[Round "7"]
[White "TigrVShlyape"]
[Black "DumbKing75"]
[Result "1/2-1/2"]
[WhiteElo "2910"]
[BlackElo "2696"]
[TimeControl "180+1"]
[EndTime "9:18:19 PDT"]
[Termination "Game drawn by repetition"]

1. e4 c5 2. Nf3 d6 3. d4 cxd4 4. Nxd4 Nf6 5. Nc3 Nc6 6. Be2 e5 7. Nf3 h6 8. O-O Be7 9. h3 O-O 10. Re1 Be6 11. Bf1 Qc7 12. Nb5 Qb8 13. c4 a6 14. Nc3 Bd8 15. b3 Bb6 16. Be3 Bxe3 17. Rxe3 Rd8 18. Qd2 Qa7 19. Rd1 Rd7 20. g3 Ne8 21.
Nd5 Bxd5 22. cxd5 Ne7 23. Rc3 Rc8 24. Rxc8 Nxc8 25. Rc1 Qb8 26. b4 Rc7 27. Nh4 Rxc1 28. Qxc1 Qc7 29. Qd2 Ne7 30. Ng2 f5 31. exf5 Nxf5 32.
Ne3 Nd4 33. Bg2 Nf6 34. Kh2 g6 35. h4 Kg7 36. Kh1 h5 37. Kh2 Qf7 38. Qc3 Ng4+ 39. Nxg4 hxg4 40. Qe3 Qf5 41. Be4 Qf6 42. Kg2 Qf7 43.
Qg5 Nf3 44. Qxg4 Nd2 45. Bd3 Qxd5+ 46. Kh2 Qxd3 47. Qd7+ Kh6 48. Qd8 Nf3+ 49. Kg2 Kg7 50. Qe7+ Kg8 51. Qe8+ Kg7 52. Qe7+ Kg8 53. Qe8+ Kg7 54.
Qe7+ 1/2-1/2

[Event "Early-Titled-Tuesday-Blitz-May-28-2024"]
[Site "Chess.com"]
[Date "2024.05.28"]
[Round "7"]
[White "MrLion3000"]
[Black "TitarovVasiliYouTube"]
[Result "1-0"]
[WhiteElo "2782"]
[BlackElo "2581"]
[TimeControl "180+1"]
[EndTime "9:18:20 PDT"]
[Termination "MrLion3000 won by resignation"]

1. a3 d5 2. Nf3 Nf6 3. d4 g6 4. Bf4 Bg7 5. e3 O-O 6. h3 c5 7. Be2 Nc6 8. O-O Ne4 9. c3 Qb6 10. Qc1 Bf5 11. g4 Be6 12. Nbd2 Nxd2 13. Qxd2 Na5 14. Rab1 Nb3 15. Qd1 Bd7 16. Ne5 Ba4 17. Qe1 f6 18. Nf3 Rae8 19. Bg3 e5 20. dxc5 Qxc5 21.
Nd2 f5 22. Bd1 Nxd2 23. Qxd2 Bc6 24. b4 Qd6 25. Bb3 b5 26. Rbd1 Rd8 27. f3 Qe6 28. e4 fxe4 29. fxe4 Rxf1+ 30. Rxf1 Bb7 31. exd5 Qb6+ 32.
Kh2 Qd6 33. Qe3 Rc8 34. Qxa7 Qd7 35. d6+ Kh8 36. Bd5 Qxd6 37. Qxb7 Rd8 38. Bg2 Qd1 39. Rxd1 1-0

[Event "Early-Titled-Tuesday-Blitz-May-28-2024"]
[Site "Chess.com"]
[Date "2024.05.28"]
[Round "7"]
[White "subham777"]
[Black "Naruto75_3"]
[Result "1-0"]
[WhiteElo "2562"]
[BlackElo "2410"]
[TimeControl "180+1"]
[EndTime "9:18:23 PDT"]
[Termination "subham777 won by checkmate"]

1. e4 c5 2. Nf3 d6 3. d4 cxd4 4.
Qxd4 Nf6 5. e5 Nc6 6. Bb5 dxe5 7.
Qxd8+ Kxd8 8. Bxc6 bxc6 9. Nxe5 Ke8 10. Nc3 e6 11. Be3 Bb7 12. O-O-O Bb4 13. a3 Be7 14. Rd2 Nd5 15. Ne4 f6 16. Nc4 Ba6 17. Na5 Rc8 18.
Bxa7 c5 19. c4 Nf4 20. Nd6+ Kd7 21. Nxc8+ Kxc8 22. Rhd1 Bd8 23. b4 Bxa5 24. bxa5 Kb7 25. Rd7+ Ka8 26. Bxc5 Rc8 27. Rd8 Kb7 28. Rxc8 Kxc8 29.
g3 Ng6 30. Bb6 Ne5 31. f4 Nxc4 32. Rd8+ Kb7 33. Rd7+ Kc6 34. Rxg7 Nxa3 35. Rxh7 f5 36. h4 Nc4 37. Rc7+ Kd5 38. Rc5+ Ke4 39. h5 Nd6 40. h6 Nf7 41. h7 Kf3 42. Rc7 Nh8 43.
Rg7 Ke4 44. Rg8 Nf7 45. Rf8 e5 46. Rxf7 exf4 47. gxf4 Kxf4 48. h8=Q Bc4 49. Qd4+ Kg5 50. Rg7+ Kh6 51. Qf6+ Kh5 52. Qg5# 1-0

[Event "Early-Titled-Tuesday-Blitz-May-28-2024"]
[Site "Chess.com"]
[Date "2024.05.28"]
[Round "7"]
[White "rionelG"]
[Black "zurzan"]
[Result "1-0"]
[WhiteElo "2306"]
[BlackElo "2145"]
[TimeControl "180+1"]
[EndTime "9:18:24 PDT"]
[Termination "rionelG won on time"]

1. e4 c5 2. g3 g6 3. Bg2 Bg7 4. Ne2 Nc6 5. c3 e6 6. d4 cxd4 7. cxd4 Nge7 8. Nbc3 O-O 9. d5 exd5 10.
exd5 Ne5 11. O-O d6 12. h3 Bd7 13. Bf4 Rc8 14. Rc1 b5 15. Nd4 a6 16. b3 Nf5 17.
Nce2 Rxc1 18. Bxc1 Qa5 19. Nxf5 Bxf5 20. Nd4 Bd7 21.
Qe2 Re8 22. Be3 Bc8 23. Nc6 Qc7 24. Rc1 Qd7 25. Qd2 Bb7 26. Bf4 h6 27. h4 h5 28.
Qa5 Bxc6 29. dxc6 Qd8 30. c7 Qc8 31. Qd2 Nd7 32. Qxd6 Re7 33. Qxe7 1-0

[Event "Early-Titled-Tuesday-Blitz-May-28-2024"]
[Site "Chess.com"]
[Date "2024.05.28"]
[Round "7"]
[White "ViktoriyaTarasova"]
[Black "David_Arutinian"]
[Result "0-1"]
[WhiteElo "2377"]
[BlackElo "2819"]
[TimeControl "180+1"]
[EndTime "9:18:29 PDT"]
[Termination "David_Arutinian won by resignation"]

1. d4 Nf6 2. c4 e6 3. Nc3 Bb4 4. Nf3 O-O 5. Bg5 c5 6. e3 cxd4 7. exd4 d5 8. cxd5 exd5 9. Be2 Bg4 10. O-O Bxc3 11. bxc3 Nbd7 12. h3 Bh5 13. Ne5 Bxe2 14.
Qxe2 Qc7 15. Rac1 Rfe8 16. f4 Ne4 17. Qh5 Nf8 18. Bh4 f6 19. Nd3 Qf7 20. Qxf7+ Kxf7 21. Nb4 Red8 22. Rfe1 Nd2 23. Re2 Nc4 24. Rce1 Rd7 25. f5 Rc8 26. g4 h6 27. Bg3 Nb6 28. Re3 Na4 29. Rc1 a5 30. Nd3 Re7 31. Rxe7+ Kxe7 32. Be1 Kd6 33. Kf2 Nd7 34. Kf3 Ndb6 35. Rc2 Re8 36. Bg3+ Kc6 37. Nf4 Nc4 38. Ne6 Re7 39.
Bf4 Nd6 40. h4 b5 41. Bxd6 Kxd6 42. Kf4 g5+ 43. hxg5 hxg5+ 44. Kg3 Rh7 45. Rc1 Rh8 46. Ng7 Rc8 47. Nh5 Rxc3+ 48. Rxc3 Nxc3 49. Nxf6 Ne4+ 50. Nxe4+ dxe4 51. Kf2 b4 52. Ke3 a4 53. Kxe4 b3 54.
axb3 a3 55. d5 a2 56. f6 a1=Q 57. Kf5 Qc1 58. Kg6 Qf4 59. Kg7 Qxg4 60. f7 Qd7 61. Kg8 Qd8+ 62. f8=Q+ Qxf8+ 63. Kxf8 g4 0-1

[Event "Early-Titled-Tuesday-Blitz-May-28-2024"]
[Site "Chess.com"]
[Date "2024.05.28"]
[Round "7"]
[White "Lady_Nika"]
[Black "KogotBobra17"]
[Result "1-0"]
[WhiteElo "2524"]
[BlackElo "2631"]
[TimeControl "180+1"]
[EndTime "9:18:29 PDT"]
[Termination "Lady_Nika won by resignation"]

1. e4 c5 2. Nc3 Nc6 3. g3 g6 4.
Bg2 Bg7 5. d3 e6 6. f4 d6 7. Nf3 Nge7 8. O-O O-O 9. Rb1 Rb8 10.
Ne2 b5 11. Be3 f5 12. h3 h6 13. g4 e5 14. gxf5 gxf5 15. fxe5 dxe5 16. Bxc5 f4 17.
d4 exd4 18. Nexd4 Bd7 19. c3 Rf7 20. Qb3 Qe8 21. Nxc6 Nxc6 22. Nd4 Ne5 23. Nf5 Bxf5 24. exf5 Qc8 25. Bd6 Rb6 26. Bxe5 Bxe5 27. Bd5 Rf6 28. Bxf7+ Rxf7 29. Qe6 Qc5+ 30. Kh1 Qe3 31. Rg1+ Kf8 32. Qxh6+ Ke7 33. Rbf1 Qe4+ 34. Rg2 f3 35. Qe6+ Kf8 36. Qc8+ Ke7 37. Qc5+ Bd6 38. Qxa7+ Ke8 39. Rg8+ Bf8 40. Qb8+ Ke7 41. Qc7+ Ke8 42. Qc8+ Ke7 43. Qe6+ Qxe6 44.
fxe6 Kxe6 45. Rg3 f2 46. Kg2 Bc5 47. b4 Bb6 48. Rg6+ 1-0

[Event "Early-Titled-Tuesday-Blitz-May-28-2024"]
[Site "Chess.com"]
[Date "2024.05.28"]
[Round "7"]
[White "AlbusSevresPotter"]
[Black "MaxLeto"]
[Result "1-0"]
[WhiteElo "2556"]
[BlackElo "2395"]
[TimeControl "180+1"]
[EndTime "9:18:29 PDT"]
[Termination "AlbusSevresPotter won on time"]

1. e4 c5 2. Nf3 d6 3. d4 cxd4 4. Nxd4 Nf6 5. Nc3 a6 6. Be3 Ng4 7.
Bg5 h6 8. Bh4 g5 9. Bg3 Bg7 10.
Qd2 Nc6 11. Nb3 Be6 12. f3 Nge5 13. Bf2 Na5 14. Bd4 Nxb3 15. axb3 Qc7 16. Bb5+ Kf8 17.
O-O Rc8 18. Be2 Ng6 19. Kh1 Bxd4 20. Qxd4 Qc5 21. Qd2 Kg7 22. Rfd1 Qe5 23. Bf1 h5 24. Ne2 Qxb2 25. Nd4 g4 26. Bc4 Bxc4 27. Rdb1 Qxa1 28. Rxa1 Be6 29. c4 Bd7 30. Qc3 f6 31. Ra5 Rc5 32.
Qb4 Rxa5 33. Qxa5 Ne5 34. f4 Nd3 35. Qc7 Be8 36. Qxe7+ Bf7 37. Nf5+ Kg8 38. Qxf6 Rh7 39. Qd8+ 1-0

[Event "Early-Titled-Tuesday-Blitz-May-28-2024"]
[Site "Chess.com"]
[Date "2024.05.28"]
[Round "7"]
[White "rookpower2004"]
[Black "dinushkipremanath"]
[Result "1-0"]
[WhiteElo "2487"]
[BlackElo "2322"]
[TimeControl "180+1"]
[EndTime "9:18:30 PDT"]
[Termination "rookpower2004 won on time"]

1. e4 e6 2. d3 d5 3. Nd2 Nf6 4. g3 c5 5. Bg2 b5 6. Ngf3 a5 7. O-O Bb7 8. Re1 Be7 9. Qe2 O-O 10. e5 Nfd7 11. Nf1 Nc6 12. Bf4 Nd4 13. Nxd4 cxd4 14. h4 Rc8 15. Nh2 Nc5 16. Nf3 Na4 17. Nxd4 Nxb2 18.
Nxb5 a4 19. Rab1 a3 20. Bc1 Ba6 21. Nxa3 Nxd3 22. cxd3 Qa5 23. Rb3 h6 24. Rd1 Rc7 25.
Qd2 Qa4 26. Rf1 Rfc8 27. Bb2 Qg4 28. Rc1 Rxc1+ 29. Bxc1 Qd4 30. Bb2 Qg4 31. Rb6 Qa4 32. Bf3 Bxa3 33. Bd1 Bb4 34. Rxb4 Qxa2 35. Ra4 Qb1 36.
Rxa6 g6 37. Rb6 Kg7 38. Bd4 Qa2 39. Qxa2 Rc1 40. Rb1 Rc6 41. Qa8 Rc7 42. Qb8 Rc6 43. Qb7 1-0

[Event "Early-Titled-Tuesday-Blitz-May-28-2024"]
[Site "Chess.com"]
[Date "2024.05.28"]
[Round "7"]
[White "SaraBlackPanther"]
[Black "wonderfultime"]
[Result "1-0"]
[WhiteElo "2769"]
[BlackElo "3001"]
[TimeControl "180+1"]
[EndTime "9:18:31 PDT"]
[Termination "SaraBlackPanther won by resignation"]

1. d4 d5 2. c4 c6 3. cxd5 cxd5 4. Nc3 Nf6 5. Bf4 Nc6 6. e3 a6 7. Be2 Bf5 8. g4 Bg6 9. h4 h5 10. g5 Ne4 11. Nxe4 Bxe4 12. Nf3 e6 13. O-O Bd6 14.
Bxd6 Qxd6 15. Nd2 Bg6 16. f4 O-O 17. Bxh5 Ne7 18. Bg4 Rac8 19. h5 Bd3 20. Rf2 Nf5 21.
Bxf5 Bxf5 22. h6 Rc2 23. hxg7 Kxg7 24. Ne4 Bxe4 25. Rxc2 Bxc2 26. Qxc2 Rh8 27. Kg2 Qb4 28. a3 Qb5 29. Kg3 a5 30. a4 Qd7 31. Rc1 e5 32.
f5 e4 33. Qf2 Qxa4 34. Qf4 Qe8 35. Rc7 Qd8 36. Rxb7 Rh5 37. Qe5+ Kh7 38. Rxf7+ 1-0

[Event "Early-Titled-Tuesday-Blitz-May-28-2024"]
[Site "Chess.com"]
[Date "2024.05.28"]
[Round "7"]
[White "InitiatingASC"]
[Black "lluiss"]
[Result "1-0"]
[WhiteElo "2420"]
[BlackElo "2171"]
[TimeControl "180+1"]
[EndTime "9:18:31 PDT"]
[Termination "InitiatingASC won by resignation"]

1. Nf3 Nf6 2. c4 g6 3. g3 Bg7 4.
Bg2 O-O 5. O-O c6 6. d3 d5 7. Nbd2 h6 8. Rb1 a5 9. a3 Be6 10. cxd5 Nxd5 11. Nc4 a4 12. Ne1 Nd7 13. Nc2 Nc5 14. N2e3 Nb3 15. Nxd5 Bxd5 16. Bxd5 cxd5 17. Ne3 Nxc1 18. Qxc1 Rc8 19. Qd2 e6 20. Qb4 Qd7 21. Rfc1 Rc6 22. b3 axb3 23. Rxc6 bxc6 24. Rxb3 Ra8 25.
Nc2 Bf8 26. Qb6 c5 27. Qb7 Qxb7 28. Rxb7 c4 29. dxc4 dxc4 30. Rc7 Bxa3 31. Rxc4 Bf8 32. e3 Rd8 33. h4 h5 34. Kg2 Bg7 35. Kf3 Bf6 36.
Rc7 Re8 37. Nb4 Re7 38. Rc8+ Kg7 39. Nc6 Rb7 40. Na5 Ra7 41. Nc4 Rd7 42. Rc6 Ba1 43. Nd6 Be5 44. Ne4 Bf6 45. Nd6 Be5 46. Ne4 Bf6 47. Rc8 Rb7 48. Nd6 Rd7 49. Ne8+ 1-0

[Event "Early-Titled-Tuesday-Blitz-May-28-2024"]
[Site "Chess.com"]
[Date "2024.05.28"]
[Round "7"]
[White "jup1978"]
[Black "alreadybroken23"]
[Result "1/2-1/2"]
[WhiteElo "2423"]
[BlackElo "2597"]
[TimeControl "180+1"]
[EndTime "9:18:32 PDT"]
[Termination "Game drawn by repetition"]

1. d4 a6 2. Nf3 Nf6 3. c4 e6 4. a3 b5 5. e3 bxc4 6. Bxc4 Bb7 7. Nc3 g6 8. d5 Bg7 9. O-O O-O 10. e4 exd5 11.
exd5 Re8 12. Bg5 h6 13. Bf4 d6 14. Qd2 g5 15. Be3 Nbd7 16. Bd4 Nb6 17. Ba2 Qd7 18. Rac1 Re7 19. Bxb6 cxb6 20. Rfe1 Rae8 21. Rxe7 Rxe7 22. Re1 b5 23. h3 Nh5 24. Rxe7 Qxe7 25. Nd4 Nf4 26. Nf5 Qe5 27. Nxg7 Kxg7 28. Qe3 Qxe3 29. fxe3 Ng6 30. Ne4 Ne7 31. Nxd6 Bxd5 32. Bxd5 Nxd5 33. e4 Nb6 34. Kf2 Kf6 35. Ne8+ Ke5 36. Nc7 Nc4 37. Nxa6 Nxb2 38. Nc7 b4 39. axb4 Nd3+ 40. Kg3 Nxb4 41. Kg4 Nd3 42. Kh5 Nf4+ 43. Kxh6 f6 44. Ne8 Nxg2 45. Kg7 Nf4 46. Nxf6 Nxh3 47. Ng4+ Kxe4 48. Kg6 Kf4 49. Kh5 Ng1 50. Nf6 Nf3 51.
Nd5+ Kg3 52. Ne3 Kh3 53. Ng4 Kg3 54. Ne3 Kf4 55. Nd5+ Ke5 56. Ne3 Ke4 57. Ng4 Kf4 58.
Nf6 Ne5 59. Nd5+ Kf5 60. Ne3+ Kf4 61. Nd5+ Kf5 62. Ne3+ Kf6 63. Nd5+ Kf5 1/2-1/2

[Event "Early-Titled-Tuesday-Blitz-May-28-2024"]
[Site "Chess.com"]
[Date "2024.05.28"]
[Round "7"]
[White "C_K_G"]
[Black "Szachulec75"]
[Result "0-1"]
[WhiteElo "2292"]
[BlackElo "2180"]
[TimeControl "180+1"]
[EndTime "9:18:32 PDT"]
[Termination "Szachulec75 won on time"]

1. e4 d6 2. Nf3 Nf6 3. Nc3 c6 4. d4 Nbd7 5. Be2 e5 6. O-O Be7 7.
h3 O-O 8. Re1 a5 9. a4 Qc7 10.
Be3 Re8 11. Qd2 Nf8 12. Rad1 Be6 13. d5 Bd7 14. Bd3 cxd5 15. exd5 Ng6 16. Bg5 Qb6 17. b3 Rac8 18. h4 h6 19. Bxg6 fxg6 20. Bxh6 gxh6 21.
Qxh6 Bf5 22. Ne2 Bf8 23. Qg5 Nh7 24. Qg3 Rxc2 25. h5 Nf6 26. hxg6 Bg7 27. Ned4 exd4 28. Rxe8+ Nxe8 29. Nh4 Bd7 30. Qf4 Nf6 31. Nf5 Qxb3 32. Ne7+ Kf8 33. Nf5 Qb4 34. Nxd6 d3 35. Qe5 Qh4 0-1

[Event "Early-Titled-Tuesday-Blitz-May-28-2024"]
[Site "Chess.com"]
[Date "2024.05.28"]
[Round "7"]
[White "Oleksandr_Bortnyk"]
[Black "Timerkhanov"]
[Result "1-0"]
[WhiteElo "3025"]
[BlackElo "2750"]
[TimeControl "180+1"]
[EndTime "9:18:33 PDT"]
[Termination "Oleksandr_Bortnyk won by resignation"]

1. e4 c5 2. c3 d5 3. exd5 Qxd5 4.
d4 Nf6 5. Be3 cxd4 6. cxd4 e6 7.
Nc3 Qd8 8. Nf3 Be7 9. Bd3 Nc6 10. O-O O-O 11. a3 a6 12. Qe2 b5 13. Rad1 Bb7 14.
Bb1 Na5 15. Ne5 Rc8 16. Rfe1 Nc4 17. Bg5 Nd5 18. Qh5 g6 19. Nxg6 fxg6 20. Bxg6 hxg6 21. Qxg6+ Kh8 22. Rd3 Bxg5 23. Rh3+ Bh4 24. Qh6+ Kg8 25. Qg6+ Kh8 26. Qh6+ Kg8 27. Rxh4 Qxh4 28. Qxh4 Rc7 29.
Rxe6 Rg7 30. Rh6 Rf5 31. Qd8+ Rf8 32. Rh8+ Kxh8 33. Qxf8+ Kh7 34. Nxd5 Bxd5 35. Qf5+ Rg6 36. Qxd5 Nxb2 37. h4 Nc4 38. h5 Rg7 39. Qf5+ Kh8 40.
h6 Rg8 41. g4 Nxa3 42. g5 Nc4 43. g6 1-0

[Event "Early-Titled-Tuesday-Blitz-May-28-2024"]
[Site "Chess.com"]
[Date "2024.05.28"]
[Round "7"]
[White "The_Machine04"]
[Black "KononenkoD"]
[Result "1-0"]
[WhiteElo "2804"]
[BlackElo "2597"]
[TimeControl "180+1"]
[EndTime "9:18:33 PDT"]
[Termination "The_Machine04 won by checkmate"]

1. d4 d5 2. Nf3 Nf6 3. e3 c6 4.
Nbd2 Bf5 5. Ne5 Nbd7 6. g4 Be4 7. f3 Bg6 8. h4 h5 9. Nxg6 fxg6 10. g5 Ng8 11.
Bd3 Kf7 12. c4 e6 13. e4 Bd6 14. Qe2 Ne7 15. b3 Re8 16. Bb2 Bg3+ 17. Kf1 Bf4 18. Kg2 Nf8 19. Nf1 Kg8 20. Ne3 Bxe3 21. Qxe3 Qc7 22.
Rae1 Kh7 23. Re2 a5 24. Rhe1 a4 25. Qf2 axb3 26. axb3 Qd7 27. Bb1 b5 28. c5 b4 29.
Bc1 Rad8 30. Be3 Qc7 31. Qg3 Qxg3+ 32. Kxg3 dxe4 33. fxe4 Ra8 34. Bf4 Red8 35. Rd1 Ra3 36. Rb2 Nc8 37. Be3 Ne7 38. Bd3 e5 39. dxe5 Ne6 40.
Rbb1 Ra5 41. Bc4 Rxd1 42. Rxd1 Nxc5 43. Bxc5 Rxc5 44. e6 Re5 45. Kf4 Ra5 46. Rd7 Ng8 47.
e7 Nxe7 48. Rxe7 Ra8 49. e5 c5 50. e6 Rf8+ 51. Rf7 Re8 52. e7 Rb8 53. Ke5 Rb6 54. e8=Q Re6+ 55. Qxe6 Kg8 56. Rxg7+ Kxg7 57. Qf7+ Kh8 58.
Qg8# 1-0

[Event "Early-Titled-Tuesday-Blitz-May-28-2024"]
[Site "Chess.com"]
[Date "2024.05.28"]
[Round "7"]
[White "Al_Shima"]
[Black "DrCeltic"]
[Result "0-1"]
[WhiteElo "2482"]
[BlackElo "2589"]
[TimeControl "180+1"]
[EndTime "9:18:33 PDT"]
[Termination "DrCeltic won by resignation"]

1. b3 e6 2. Bb2 Nf6 3. e3 b6 4. f4 Bb7 5. Nf3 c5 6. Bd3 Nc6 7. O-O Be7 8. a4 Nb4 9. Be2 O-O 10. Ne5 d6 11. Ng4 Nxg4 12. Bxg4 Bf6 13. Bxf6 Qxf6 14. Nc3 Qg6 15. d3 Nxc2 16. Qxc2 Qxg4 17.
e4 f5 18. g3 fxe4 19. dxe4 Qg6 20. Rae1 d5 21. Qe2 d4 22. Nb5 Ba6 23. Qc4 h5 24. f5 Bxb5 25. axb5 Qf6 26. e5 Qf7 27. Rf4 Rae8 28. f6 Qg6 29. Ref1 Rf7 30. fxg7 Rxf4 31. Rxf4 Kxg7 32. Rf6 Qg4 33. Qf1 Re7 34. Qd3 Qg5 35.
Qe4 Rf7 36. Rxf7+ Kxf7 37. Qb7+ Kg6 38. Qc8 Qxe5 39. Qg8+ Kf5 40. Qh7+ Kg4 41. Qg6+ Kf3 42. Qf7+ Ke2 43. Qf1+ Kd2 44. Qc4 Qe3+ 45. Kf1 Qe1+ 46. Kg2 Qe2+ 0-1

[Event "Early-Titled-Tuesday-Blitz-May-28-2024"]
[Site "Chess.com"]
[Date "2024.05.28"]
[Round "7"]
[White "Dewarfd"]
[Black "Chernov_Alexander_A"]
[Result "1-0"]
[WhiteElo "2139"]
[BlackElo "2281"]
[TimeControl "180+1"]
[EndTime "9:18:33 PDT"]
[Termination "Dewarfd won on time"]

1. d4 Nf6 2. e3 e6 3. Nf3 c5 4. dxc5 Bxc5 5. c4 b6 6. Be2 Bb7 7. O-O O-O 8. Nc3 d5 9. cxd5 Nxd5 10. Nxd5 Qxd5 11. a3 a5 12. Bd2 Nc6 13. Bc3 Rfd8 14. Qc2 Qh5 15. Rfd1 Bd6 16. h3 Qg6 17. Qxg6 hxg6 18. Rac1 Bc5 19. Bb5 Na7 20. Be2 Rac8 21. Rxd8+ Rxd8 22. Bxa5 Nc6 23. Bc3 Ne7 24. Ne5 f6 25.
Nf3 e5 26. Rd1 Rxd1+ 27. Bxd1 g5 28. Bb3+ Kf8 29. Bc4 Ke8 30. b4 Bd6 31. Bb5+ Kd8 32. Nd2 Nd5 33. Bb2 Nc7 34. Be2 Bd5 35. Bf3 Ba2 36. Be2 Bd5 37. Bc4 Bb7 38. Bd3 1-0

[Event "Early-Titled-Tuesday-Blitz-May-28-2024"]
[Site "Chess.com"]
[Date "2024.05.28"]
[Round "7"]
[White "ozates"]
[Black "Daaksboy"]
[Result "0-1"]
[WhiteElo "2626"]
[BlackElo "2489"]
[TimeControl "180+1"]
[EndTime "9:18:34 PDT"]
[Termination "Daaksboy won by resignation"]

1. e4 c5 2. Nf3 d6 3. Bb5+ Bd7 4. Bxd7+ Nxd7 5. O-O Ngf6 6. Qe2 e6 7. Rd1 Be7 8.
d4 cxd4 9. Nxd4 a6 10. c4 Rc8 11.
Nc3 Qa5 12. Be3 O-O 13. Rac1 Rfe8 14. f3 Qh5 15. Nb3 Ne5 16. Nd2 Bf8 17. b3 Be7 18. Nf1 Rc6 19. Ng3 Qh4 20. Bd4 Bd8 21. Rd2 Ng6 22. Be3 Ba5 23. a3 d5 24. b4 Bc7 25.
cxd5 exd5 26. exd5 Rxe3 27. dxc6 Rxe2 28. Ncxe2 bxc6 29.
Rxc6 Ne8 30. Rd7 h6 31. Rcxc7 Nxc7 32. Rxc7 Qd8 33. Rc3 Ne5 34. h3 Nd3 35. Ne4 Qb6+ 36. Nc5 Ne5 37. Nd4 a5 38. b5 Nd7 39. Ncb3 a4 40. Rc6 axb3 41. Rxb6 b2 0-1

[Event "Early-Titled-Tuesday-Blitz-May-28-2024"]
[Site "Chess.com"]
[Date "2024.05.28"]
[Round "7"]
[White "EvgenyBurmakin"]
[Black "noblerone"]
[Result "0-1"]
[WhiteElo "2342"]
[BlackElo "2521"]
[TimeControl "180+1"]
[EndTime "9:18:34 PDT"]
[Termination "noblerone won by resignation"]

1. Nf3 d5 2. b3 Nf6 3. Bb2 Bf5 4. e3 e6 5. d3 h6 6. Nbd2 c5 7. Be2 Nc6 8. O-O Bd6 9. e4 dxe4 10. dxe4 Nxe4 11. Nxe4 Bxe4 12. Bxg7 Rg8 13. Bb2 Qc7 14. g3 O-O-O 15. Qc1 Bf4 16. Qe1 Bxc2 17. Qc3 Nd4 18. Nxd4 cxd4 19. Qf3 d3 20. Bd1 Kb8 21. Bf6 Rd5 22.
Qe4 Be5 23. Bxe5 Qxe5 24. Qxe5+ Rxe5 25. Rc1 Rc8 26. Bxc2 Rxc2 27. Rxc2 dxc2 28. Rc1 Rc5 29. Kf1 Kc7 30. Ke2 Kd6 31. Kd3 Kd5 32. Rxc2 Rxc2 33.
Kxc2 Ke4 34. Kd2 Kf3 35. Ke1 Kg2 36. h4 Kf3 37. Kf1 e5 38. Ke1 e4 39. Kf1 f5 40.
b4 b5 41. a3 h5 42. Ke1 e3 43. fxe3 Kxe3 44. Kd1 Kf3 45. Kd2 Kxg3 46. Ke3 f4+ 47. Kd4 f3 48. Kc5 f2 49. Kxb5 f1=Q+ 50. Kc6 Qa6+ 51. Kc5 Qxa3 0-1

[Event "Early-Titled-Tuesday-Blitz-May-28-2024"]
[Site "Chess.com"]
[Date "2024.05.28"]
[Round "7"]
[White "simaopdias"]
[Black "David_George21"]
[Result "0-1"]
[WhiteElo "2242"]
[BlackElo "2405"]
[TimeControl "180+1"]
[EndTime "9:18:34 PDT"]
[Termination "David_George21 won by resignation"]

1. e4 c5 2. Nf3 d6 3. d4 cxd4 4. Nxd4 Nf6 5. Nc3 Nc6 6. Be2 e5 7. Nf5 d5 8. Bg5 Bxf5 9. exf5 d4 10. Ne4 Bb4+ 11. Kf1 h6 12. Nxf6+ gxf6 13. Bh4 Rg8 14. Bf3 Qe7 15. c3 dxc3 16. bxc3 Bxc3 17. Rc1 Bd4 18. Qa4 Rc8 19. g3 Kf8 20. Kg2 Kg7 21. Rhe1 Rgd8 22. Be4 a6 23. Qd1 Rd6 24. Qh5 Kh7 25.
Bc2 Bc3 26. Re4 Nd4 27. Rg4 Bd2 28. Bb3 Bxc1 29. Bxf7 Bg5 30. Qg6+ Kh8 31. Bxg5 fxg5 32. Be6 Rxe6 33. fxe6 Qxe6 34. Qe4 Rd8 35. h4 Qd5 36. hxg5 hxg5 37. f3 Qxe4 38. fxe4 Ne6 0-1

[Event "Early-Titled-Tuesday-Blitz-May-28-2024"]
[Site "Chess.com"]
[Date "2024.05.28"]
[Round "7"]
[White "djokovic74"]
[Black "MVM2008"]
[Result "0-1"]
[WhiteElo "2743"]
[BlackElo "2527"]
[TimeControl "180+1"]
[EndTime "9:18:35 PDT"]
[Termination "MVM2008 won by resignation"]

1. c4 c6 2. Nf3 d5 3. g3 dxc4 4. Bg2 g6 5. O-O Bg7 6. Na3 b5 7. Nxb5 cxb5 8. Ne1 Bd7 9. Bxa8 Nc6 10. Bxc6 Bxc6 11. d3 h5 12. Qc2 h4 13. dxc4 Qd4 14.
cxb5 Bb7 15. Be3 hxg3 16. Nf3 gxh2+ 17. Kh1 Qg4 18. Qd1 Nf6 19. Rc1 O-O 20. b3 Ne4 21.
Rc4 f5 22. Rc7 Qh3 23. Rxb7 g5 24. Qd5+ Kh8 25. Rd1 g4 26. Rxe7 g3 27. Ng5 Nxg5 28. Bxg5 gxf2 29. Qg2 Qg4 30. Qxg4 fxg4 31. Kg2 g3 32.
Rh1 f1=Q+ 33. Rxf1 Rxf1 34. Re8+ Bf8 35. Bf6+ Rxf6 36.
Re4 Rh6 37. Rh4 Rxh4 0-1

[Event "Early-Titled-Tuesday-Blitz-May-28-2024"]
[Site "Chess.com"]
[Date "2024.05.28"]
[Round "7"]
[White "Logman74"]
[Black "Franmu14"]
[Result "0-1"]
[WhiteElo "2522"]
[BlackElo "2714"]
[TimeControl "180+1"]
[EndTime "9:18:35 PDT"]
[Termination "Franmu14 won on time"]

1. e4 e5 2. Nf3 Nc6 3. Bb5 a6 4. Ba4 Nge7 5. c3 g6 6. d4 exd4 7. cxd4 Bg7 8. d5 b5 9. Bc2 Nb4 10. Bb3 a5 11. a3 Na6 12. O-O Nc5 13. Bc2 O-O 14. Be3 d6 15. Nc3 Ba6 16. b4 Bxc3 17.
bxc5 b4 18. Bd3 Bxa1 19. Bxa6 Bg7 20. Bb5 bxa3 21. Qa4 Rb8 22. Bd3 Bb2 23. Bh6 Re8 24. Bb5 Rxb5 25. Qxb5 dxc5 26. e5 c6 27. dxc6 Qc7 28.
e6 fxe6 29. Ng5 Qxc6 30. Qc4 Qd5 31. Qa4 Qc6 32. Qc4 Nf5 33. Re1 Nxh6 34. Nxe6 Nf7 35. h4 Qb6 36. Re3 Qb4 37. Qd5 Qxh4 38. Ng5 Qxg5 39. Rxe8+ Kg7 40. Qa8 Qc1+ 41. Kh2 Qh6+ 42.
Kg3 Qg5+ 43. Kf3 Qf5+ 0-1

[Event "Early-Titled-Tuesday-Blitz-May-28-2024"]
[Site "Chess.com"]
[Date "2024.05.28"]
[Round "7"]
[White "KorolDimitriy75"]
[Black "tactic"]
[Result "1-0"]
[WhiteElo "2378"]
[BlackElo "2593"]
[TimeControl "180+1"]
[EndTime "9:18:36 PDT"]
[Termination "KorolDimitriy75 won by checkmate"]

1. d4 g6 2. c4 Bg7 3. Nf3 Nf6 4. Nc3 d5 5. cxd5 Nxd5 6. e4 Nxc3 7. bxc3 c5 8. Rb1 O-O 9. Be2 Nc6 10. d5 Bxc3+ 11.
Bd2 Bxd2+ 12. Qxd2 Nd4 13. Nxd4 cxd4 14. Qxd4 e6 15. Bc4 exd5 16. Bxd5 Be6 17. Rxb7 Qa5+ 18. Qd2 Qa6 19. Qe2 Qa5+ 20. Qd2 Qa6 21. Qe2 Qxe2+ 22. Kxe2 Bxd5 23. exd5 Rfe8+ 24. Kd3 Re5 25. Rd7 Rb8 26.
Rd1 Rb2 27. Rd2 Rb4 28. Kc3 Ra4 29. d6 Rc5+ 30. Kb3 Ra6 31. Rd8+ Kg7 32. d7 Rb6+ 33.
Ka4 Rc4+ 34. Ka5 Rc5+ 35. Ka4 Rc4+ 36. Ka5 Kh6 37. Rc8 Rf4 38. d8=Q Rf5+ 39. Rd5 Rxf2 40. Qh4+ Kg7 41. Qxf2 Rf6 42. Qxf6+ Kxf6 43. Rd7 Ke6 44. Rcc7 f5 45. Rxh7 g5 46. Rhe7+ Kf6 47. Rxa7 f4 48. Rf7+ Kg6 49. Rae7 Kh5 50. h3 Kh4 51. Rf5 Kh5 52.
Re6 f3 53. Rxf3 Kh4 54. Re4+ Kh5 55. Rf5 Kg6 56. Ree5 Kh5 57. Rxg5+ Kh4 58. Rg4# 1-0